 Dungeon Crawl Stone Soup version 0.29.1-2-gbd0b4ee654 (webtiles) character file.

Game seed: 12625877058775501613

155 fleeber the Conjurer (level 5, -8/28 HPs)
             Began as a Deep Elf Conjurer on Nov 6, 2022.
             Was an Initiate of Vehumet.
             Killed by divine providence
             ... invoked by an orc priest
              (11 damage)
             ... on level 4 of the Dungeon.
             The game lasted 00:12:06 (3747 turns).

fleeber the Conjurer (Deep Elf Conjurer)            Turns: 3747, Time: 00:12:06

Health: -8/28      AC:  8    Str:  4    XL:     5   Next: 14%
Magic:  10/14      EV: 12    Int: 28    God:    Vehumet [......]
Gold:   262        SH:  0    Dex: 13    Spells: 6/13 levels left

rFire   + . .      SeeInvis .   v - +0 dagger
rCold   . . .      Faith    .   (no shield)
rNeg    . . .      Spirit   .   a - +0 robe
rPois   .          Reflect  .   m - +2 helmet {Int+3}
rElec   .          Harm     .   g - +1 cloak
rCorr   .          Rampage  .   (no gloves)
Will    .....                   k - +0 pair of boots
Stlth   ++........              (no amulet)
HPRegen 0.09/turn               h - ring of wizardry
MPRegen 0.14/turn               r - ring of protection from fire

@: no status effects
A: no striking features
a: Renounce Religion


You were on level 4 of the Dungeon.
You worshipped Vehumet.
Vehumet was noncommittal.
You visited 1 branch of the dungeon, and saw 4 of its levels.

You collected 262 gold pieces.

Inventory:

Hand Weapons
 v - a +0 dagger (weapon)
Armour
 a - a +0 robe (worn)
 g - a +1 cloak (worn)
 k - a +0 pair of boots (worn)
 m - a +2 helmet of intelligence (worn)
Jewellery
 h - a ring of wizardry (left hand)
 p - a +6 ring of dexterity
 q - a ring of fire
 r - a ring of protection from fire (right hand)
Wands
 w - a wand of digging (7)
Scrolls
 i - a scroll of enchant weapon
 j - 2 scrolls of identify
 o - a scroll of summoning
 s - a scroll of immolation {unknown}
 t - a scroll of poison {unknown}
 u - a scroll of noise {unknown}
Potions
 b - 2 potions of magic
 c - a potion of might {unknown}
 d - 2 potions of cancellation {unknown}
 e - a potion of mutation {unknown}
 f - 2 potions of curing {unknown}
 l - a potion of brilliance {unknown}
 n - 2 potions of flight {unknown}


   Skills:
 - Level 2.4 Dodging
 - Level 2.4 Stealth
 + Level 4.8 Spellcasting
 + Level 5.4 Conjurations
 + Level 2.9 Translocations


You had 6 spell levels left.
You knew the following spells:

 Your Spells              Type           Power      Damage    Failure   Level
a - Magic Dart            Conj           100%       1d8       1%          1
b - Searing Ray           Conj           74%        2d7       1%          2
c - Iskenderun's Mystic   Conj/Tloc      30%        2d8       4%          4

Your spell library contained the following spells:

 Spells                   Type           Power      Damage    Failure   Level
 Dazzling Flash           Conj/Hex       44%        N/A       2%          3
 Fulminant Prism          Conj/Hex       11%        3d9       9%          4


Dungeon Overview and Level Annotations

Branches:
Dungeon (4/15)
 Temple: D:4-7

Altars:
Vehumet


Message History

An orc priest comes into view. It is wielding a +0 spear.
The orc priest moves out of view.
The orc priest shouts!
The orc priest calls down the wrath of Beogh upon you.
Beogh smites you!
Casting: Magic Dart (safe; 1% risk of failure)
Confirm with . or Enter, or press ? or * to list all spells.
Aiming: Magic Dart (safe; 1% risk of failure)
Press: ? - help, Shift-Dir - straight line, f - orc priest
Aim: an orc priest, wielding a +0 spear and wearing a +0 leather armour (100% to hit)
The magic dart hits the orc priest.
The orc priest is lightly wounded.
The orc priest looks encouraged for a moment.
Casting: Magic Dart (safe; 1% risk of failure)
Confirm with . or Enter, or press ? or * to list all spells.
Aiming: Magic Dart (safe; 1% risk of failure)
Press: ? - help, Shift-Dir - straight line, f/p - orc priest
Aim: an orc priest, wielding a +0 spear and wearing a +0 leather armour (lightly wounded, 100% to hit)
The magic dart hits the orc priest.
The orc priest is moderately wounded.
Casting: Magic Dart (safe; 1% risk of failure)
Confirm with . or Enter, or press ? or * to list all spells.
Aiming: Magic Dart (safe; 1% risk of failure)
Press: ? - help, Shift-Dir - straight line, f/p - orc priest
Aim: an orc priest, wielding a +0 spear and wearing a +0 leather armour (moderately wounded, 100% to hit)
The magic dart hits the orc priest.
The orc priest is severely wounded.
The orc priest invokes the aid of Beogh against you.
Beogh smites you!
* * * LOW HITPOINT WARNING * * *
Casting: Magic Dart (safe; 1% risk of failure)
Confirm with . or Enter, or press ? or * to list all spells.
Aiming: Magic Dart (safe; 1% risk of failure)
Press: ? - help, Shift-Dir - straight line, f/p - orc priest
Aim: an orc priest, wielding a +0 spear and wearing a +0 leather armour (severely wounded, 100% to hit)
The magic dart hits the orc priest but does no damage.
The orc priest is severely wounded.
The orc priest calls down the wrath of Beogh upon you.
Beogh smites you!
You die...

######..#####'#
#..# #...##......§
+....#....#.o....§
#....#....#.......
#....'....#.......
#....#....#.......
+...##'####.......
##'##.............
..........@.).....
..................
#..................
#.....######.......
#..... .......
#).... ....... ....
....... #######


You could see an orc priest.

Vanquished Creatures
  Robin (D:2)
  6 adders
  A worm (D:3)
  3 dart slugs
  7 orcs
  6 bats
  8 endoplasms
  A giant cockroach (D:3)
  13 goblins
  10 hobgoblins
  3 quokkas
  2 ball pythons
  3 frilled lizards
  4 rats
68 creatures vanquished.

Notes
Turn   | Place    | Note
-------+----------+-------------------------------------------
     0 | D:1      | fleeber the Deep Elf Conjurer began the quest for the Orb.
     0 | D:1      | Reached XP level 1. HP: 10/10 MP: 6/6
   276 | D:1      | Reached XP level 2. HP: 15/15 MP: 5/8
   364 | D:1      | Reached skill level 1 in Translocations
   391 | D:1      | Learned a level 2 spell: Searing Ray
   435 | D:1      | Found a faded altar of an unknown god.
  1205 | D:2      | Reached XP level 3. HP: 19/19 MP: 5/10
  1401 | D:2      | Noticed Robin
  1417 | D:2      | Reached skill level 5 in Conjurations
  1557 | D:2      | Killed Robin
  1558 | D:2      | Reached XP level 4. HP: 20/24 MP: 8/12
  1695 | D:2      | Learned a level 4 spell: Iskenderun's Mystic Blast
  2146 | D:3      | Found a radiant altar of Vehumet.
  2156 | D:3      | Became a worshipper of Vehumet
  2792 | D:3      | Noticed an ogre
  3021 | D:3      | Reached XP level 5. HP: 28/28 MP: 11/14
  3747 | D:4      | Killed from afar by an orc priest

Illustrated notes

Levels and vault maps discovered:
D:1:      saegor_arrival_miasma, layout_basic, shapermc_ecumenical_altar_venn,
          minmay_misc_feat_plants
D:2:      layout_rooms, chequers_jeans, dreamdust_wishing_well, uniq_robin
D:3:      layout_loops_corners, mainiacjoe_overflow_catwalk,
          minmay_misc_feat_room
D:4:      layout_gridville, nicolae_dithmenos_the_darkroom

Skill      XL: |  1  2  3 |
---------------+----------+-----
Translocations | 1 2 |  2.9
Spellcasting   | 4 |  4.8
Conjurations   | 5 |  5.4
Dodging        | |  2.4
Stealth        | |  2.4

Action                   |  1- 3 |  4- 6 || total
-------------------------+-------+-------++-------
 Cast: Magic Dart        |    75 |    78 ||   153
       Searing Ray       |     1 |       ||     1
  Use: Scroll            |       |     4 ||     4
Armor: Robe              |     5 |     5 ||    10
Dodge: Dodged            |     8 |    10 ||    18
